Map: [ESL] Royal Blood

Players

Solar

  • Race: Zerg Zerg

Serral - Winner!

  • Race: Zerg Zerg

Event: IEM Katowice 2023

VOD

Have the link to the VOD?

Description

Time

  • Played on: Feb. 10, 2023, 12:55 p.m.
  • Length: 11:07

All games in this series

Show
View Real Time Build Order
Export as new Build Order

Solar Zerg 

Build Orders: Hatch First 

Get SALT Encoding   

  12  0:00  Drone  
  13  0:12  Overlord  
  13  0:17  Drone  
  14  0:31  Drone x2  
  16  0:49  Hatchery  
  15  0:50  Drone  
  15  0:54  Drone  
  17  0:58  Drone  
  18  1:12  Spawning Pool  
  18  1:15  Drone  
  18  1:20  Drone  
  19  1:32  Drone  
  20  1:41  Hatchery  
  20  1:44  Drone  
  20  1:58  Queen  
  22  2:01  Queen  
  22  2:06  Zergling x2  
  25  2:10  Overlord  
  25  2:13  Drone  
  26  2:16  Drone  
  26  2:20  Drone  
  28  2:29  Drone  
  29  2:33  Extractor, Drone  
  29  2:34  Queen  
  29  2:35  Drone  
  32  2:50  Drone x2  
  32  2:51  Drone  
  35  2:57  Queen  
  35  2:58  Overlord, Drone  
  38  3:00  Drone  
  39  3:08  Drone x3  
  39  3:09  Evolution Chamber  
  41  3:15  Roach Warren  
  41  3:16  Drone  
  41  3:19  Drone  
  42  3:21  Drone  
  42  3:23  Drone  
  42  3:26  Overlord  
  44  3:28  Drone  
  44  3:31  Drone  
  44  3:32  Drone  
  47  3:36  Drone  
  47  3:39  Lair  
  47  3:41  Drone  
  49  3:42  Drone  
  49  3:46  Drone x2  
  49  3:48  Drone  
  53  3:49  Drone  
  53  3:52  Extractor, Drone  
  53  3:53  Drone  
  55  3:56  Overlord  
  55  3:57  Extractor  
  55  3:59  Extractor  
  55  4:01  Drone x2  
  54  4:03  Drone  
  54  4:08  Drone  
  54  4:09  Drone  
  58  4:10  Drone  
  58  4:17  Drone  
  58  4:18  Drone  
  58  4:20  Zerg Missile Weapons Level 1, Drone  
  58  4:23  Overlord, Drone x2  
  63  4:25  Drone, Roach  
  63  4:28  Overlord  
  66  4:37  Glial Reconstitution  
  66  4:41  Overlord  
  66  4:43  Roach x3  
  72  4:46  Roach x2  
  72  4:47  Drone x2  
  72  4:48  Overlord  
  72  4:50  Roach  
  80  4:53  Drone  
  80  4:55  Drone  
  82  5:06  Overlord  
  82  5:09  Drone x3  
  82  5:13  Roach x4  
  93  5:16  Overlord  
  93  5:17  Hatchery  
  90  5:22  Drone  
  90  5:24  Drone x2  
  90  5:26  Roach x3  
  98  5:29  Extractor  
  98  5:32  Roach  
  98  5:33  Roach x2  
  98  5:34  Overlord  
  103  5:36  Roach  
  103  5:41  Roach x2  
  109  5:46  Roach  
  111  5:51  Roach  
  111  5:53  Overlord  
  111  5:54  Overseer  
  113  5:59  Spire  
  113  6:00  Overlord  
  113  6:02  Drone  
  113  6:03  Drone x2  
  115  6:04  Extractor  
  115  6:06  Roach x4  
  122  6:12  Drone  
  122  6:14  Roach x3  
  122  6:15  Zerg Missile Weapons Level 2  
  129  6:20  Overlord  
  129  6:22  Roach x4  
  137  6:31  Overlord  
  137  6:36  Drone x3  
  141  6:40  Drone x2  
  141  6:41  Overlord  
  141  6:42  Drone  
  141  6:47  Overlord  
  143  6:58  Drone x2  
  143  7:00  Overlord, Roach x2  
  149  7:03  Extractor  
  148  7:10  Mutalisk  
  148  7:11  Mutalisk x7  
  148  7:13  Roach  
  148  7:14  Overlord  
  166  7:16  Overlord  
  166  7:18  Overlord  
  166  7:21  Roach x5  
  166  7:22  Overlord  
  176  7:23  Overlord  
  176  7:25  Overlord  
  176  7:29  Overlord  
  176  7:33  Roach x2  
  176  7:34  Roach x2  
  184  7:42  Drone x2  
  184  7:44  Roach x4  
  184  7:47  Drone x2  
  184  7:51  Roach x2  
  196  7:54  Ravager x4  
  200  8:17  Overlord  
  200  8:18  Overlord  
  200  8:25  Roach x8  
  186  8:27  Roach  
  186  8:28  Roach  
  186  8:31  Roach x2  
  186  8:33  Roach x2  
  159  8:35  Roach x2  
  159  8:37  Roach  
  159  8:38  Roach x3  
  159  8:39  Roach  
  146  8:43  Roach x2  
  151  8:48  Roach x3  
  151  8:50  Roach  
  151  8:54  Roach x2  
  157  8:58  Roach  
  157  8:59  Ravager x2  
  165  9:03  Roach x2  
  165  9:05  Roach  
  165  9:09  Roach x2  
  171  9:13  Roach x2  
  171  9:14  Ravager x2  
  171  9:16  Ravager  
  178  9:20  Roach x2  
  178  9:21  Ravager  
  181  9:36  Roach  
  181  9:37  Roach  
  183  9:41  Roach x5  
  191  9:46  Roach x5  
  191  9:47  Roach  
  191  9:51  Roach x3  
  191  9:57  Roach x3  
  191  9:58  Roach  
  198  10:01  Ravager  
  199  10:11  Roach x2  
  199  10:14  Roach x4  
  199  10:17  Roach x2  
  199  10:18  Roach  
  199  10:19  Roach  
  199  10:21  Roach  
  195  10:22  Ravager  
  195  10:24  Roach x2  
  195  10:26  Roach  
  196  10:29  Roach  
  196  10:30  Roach  
  196  10:32  Roach  
  188  10:36  Roach x2  
  188  10:41  Roach x2  
  179  10:43  Roach  
  179  10:45  Roach  
Show
View Real Time Build Order
Export as new Build Order

Serral Zerg - Winner!

Build Orders: Hatch First, Roach Hydra 

Get SALT Encoding   

  12  0:00  Drone  
  13  0:11  Overlord  
  13  0:16  Drone  
  14  0:30  Drone x2  
  16  0:46  Hatchery  
  15  0:50  Drone  
  15  0:53  Drone  
  17  1:08  Spawning Pool  
  17  1:09  Extractor  
  15  1:12  Drone  
  15  1:15  Drone  
  17  1:19  Drone  
  18  1:27  Drone  
  19  1:38  Drone  
  20  1:49  Overlord  
  20  1:54  Queen  
  20  1:58  Queen  
  20  1:59  Drone, Zergling x2  
  26  2:09  Metabolic Boost, Drone  
  26  2:10  Drone  
  28  2:21  Drone  
  28  2:22  Drone  
  30  2:31  Zergling x2  
  30  2:35  Hatchery  
  30  2:41  Drone  
  30  2:42  Overlord  
  31  2:48  Drone  
  32  2:52  Drone  
  32  2:53  Drone  
  34  3:03  Drone  
  34  3:04  Drone x2  
  37  3:08  Zergling x4  
  37  3:09  Evolution Chamber  
  37  3:10  Drone x2  
  37  3:11  Zergling x2  
  41  3:15  Overlord  
  41  3:18  Drone  
  42  3:27  Roach Warren  
  42  3:30  Drone x2  
  43  3:34  Drone x3  
  43  3:37  Zerg Missile Weapons Level 1  
  43  3:40  Overlord  
  46  3:41  Drone  
  46  3:45  Drone  
  46  3:48  Extractor  
  47  3:51  Extractor  
  47  3:52  Queen  
  47  3:53  Drone  
  49  3:57  Drone x2  
  51  4:04  Drone x3  
  51  4:06  Overlord  
  54  4:12  Drone  
  54  4:13  Overlord  
  54  4:15  Roach x2  
  59  4:20  Roach  
  59  4:23  Drone  
  62  4:27  Lair  
  62  4:28  Roach  
  62  4:29  Roach  
  66  4:36  Drone x4  
  69  4:41  Drone  
  69  4:42  Extractor, Drone x2  
  71  4:45  Overlord  
  71  4:49  Drone x2  
  71  4:52  Roach x2  
  77  4:55  Overlord  
  77  4:59  Roach  
  79  5:04  Overlord  
  79  5:05  Roach x2  
  83  5:11  Zergling x6  
  83  5:13  Overlord  
  86  5:18  Drone x6  
  92  5:27  Glial Reconstitution  
  92  5:28  Drone x3  
  93  5:35  Drone x2  
  95  5:37  Extractor, Zerg Missile Weapons Level 2  
  95  5:38  Overlord, Overseer  
  95  5:42  Roach x3  
  100  5:46  Drone, Roach x2  
  105  5:50  Roach x2  
  105  5:52  Roach  
  110  6:01  Roach  
  110  6:02  Roach  
  114  6:06  Drone  
  114  6:08  Overlord x2  
  114  6:11  Hatchery  
  114  6:15  Roach  
  114  6:16  Roach x2  
  120  6:20  Overlord x2  
  120  6:21  Extractor  
  120  6:22  Ravager x2  
  121  6:26  Overlord  
  121  6:27  Drone x3  
  121  6:29  Pneumatized Carapace  
  121  6:31  Roach x2  
  128  6:36  Roach x3  
  128  6:39  Overlord  
  134  6:42  Drone, Hydralisk Den  
  134  6:47  Roach x3  
  134  6:51  Overlord x2  
  140  6:56  Roach x3  
  140  7:01  Drone  
  147  7:02  Drone  
  147  7:03  Overlord x2  
  148  7:11  Grooved Spines  
  148  7:17  Hydralisk x5  
  158  7:24  Hydralisk  
  158  7:25  Roach x4  
  158  7:29  Roach x2  
  168  7:33  Ravager x2  
  168  7:35  Spore Crawler  
  169  7:38  Drone x2, Overseer  
  169  7:39  Roach x4  
  178  7:48  Spore Crawler  
  178  7:49  Roach x4  
  178  7:50  Roach  
  184  7:54  Overlord  
  184  7:55  Overlord  
  184  7:58  Zerg Ground Armor Level 1  
  182  8:18  Roach x9  
  200  8:23  Muscular Augments  
  200  8:25  Roach x6  
  185  8:33  Roach x4  
  139  8:44  Hydralisk x5  
  139  8:52  Roach x5  
  145  8:56  Ravager x2  
  145  8:57  Roach x2  
  149  9:03  Roach x2  
  149  9:04  Roach  
  149  9:08  Hydralisk  
  157  9:13  Hydralisk x2  
  157  9:14  Overlord  
  157  9:15  Ravager  
  162  9:20  Overlord  
  162  9:22  Roach  
  164  9:26  Roach  
  164  9:27  Roach x3  
  172  9:31  Roach  
  172  9:32  Roach x2  
  172  9:38  Roach, Ravager  
  177  9:39  Roach x3  
  185  9:48  Roach  
  185  9:49  Roach x3  
  187  9:55  Overlord  
  187  9:56  Roach x4  
  191  10:13  Roach x6  
  192  10:19  Roach x4  
  194  10:22  Ravager  
  194  10:28  Overlord  
  193  10:29  Overlord  
  182  10:37  Roach  
  182  10:38  Roach x4  
  188  10:45  Overlord  

Tags
 
Add a new tag
Caveats
  • Supply blocks, unpowered buildings, or Contaminate may cause inaccurate times.
  • Supply counts are checked every 10 seconds.